 Dungeon Crawl Stone Soup version 0.31-a0-596-g831eee08f1 (webtiles) character file.

Game seed: 4266801736235816353

4391 Demosthentine the Trooper (level 10, -55/66 (72) HPs)
             Began as a Demonspawn Gladiator on Aug 20, 2023.
             Was a Follower of Hepliaklqana.
             Annihilated by an enormous slime creature (77 damage)
             ... on level 9 of the Dungeon on Aug 21, 2023.
             The game lasted 00:12:12 (7716 turns).

Demosthentine the Trooper (Demonspawn Gladiator)    Turns: 7716, Time: 00:12:13

HP:   -55/66 (72)   AC: 15    Str: 17    XL:     10   Next: 13%
MP:   11/11         EV: 15    Int: 10    God:    Hepliaklqana [*.....]
Gold: 556           SH:  0    Dex: 16    Spells: 9/9 levels left

rFire   . . .        a - +1 trident
rCold   + . .        (no shield)
rNeg    . . .        b - +0 leather armour
rPois   .            c - +1 helmet
rElec   .            (no cloak)
rCorr   .            (no gloves)
SInv    .            k - +0 pair of boots
Will    +....        (no amulet)
Stlth   +            m - +4 ring of protection
HPRegen 0.31/turn    v - ring of willpower
MPRegen 0.12/turn

%: no passive effects
@: drained
A: reduced essence, icy blue scales 3, ignite blood 2, powered by death 1,
weakness stinger 2
a: Renounce Religion, Recall Ancestor, Ancestor Identity


You were on level 9 of the Dungeon.
You worshipped Hepliaklqana.
Hepliaklqana was aware of your devotion.
You visited 2 branches of the dungeon, and saw 10 of its levels.

You collected 556 gold pieces.

Inventory:

Hand Weapons
 a - a +1 trident (weapon)
Missiles
 e - a javelin
 u - 3 throwing nets (quivered)
Armour
 b - a +0 leather armour (worn)
 c - a +1 helmet (worn)
 k - a +0 pair of boots (worn)
Jewellery
 m - a +4 ring of protection (left hand)
 v - a ring of willpower (right hand)
Wands
 o - a wand of paralysis (15)
 A - a wand of polymorph (5)
Scrolls
 i - a scroll of vulnerability
 q - 2 scrolls of enchant weapon
 t - 2 scrolls of fog
 w - 2 scrolls of noise
 x - a scroll of enchant armour
 y - a scroll of torment {unknown}
 B - a scroll of amnesia
Potions
 d - 2 potions of degeneration {unknown}
 f - a potion of cancellation
 g - 3 potions of curing {unknown}
 l - 3 potions of brilliance {unknown}
 n - a potion of ambrosia
 p - a potion of enlightenment {unknown}
 r - 2 potions of might {unknown}
 s - a potion of lignification {unknown}
 z - a potion of mutation {unknown}
 C - a potion of invisibility {unknown}


   Skills:
 + Level 7.6 Fighting
 + Level 7.3 Polearms
 - Level 1.7 Throwing
 - Level 6.3 Armour
 + Level 7.3 Dodging
 + Level 2.4 Invocations


You had 9 spell levels left.
You didn't know any spells.
Your spell library contained the following spells:

 Spells                   Type           Power      Damage    Failure   Level
 Kiss of Death            Conj/Necr      0%         2d5       41%         1
 Magic Dart               Conj           0%         1d3       41%         1
 Cigotuvi's Dreadful Rot  Necr/Pois/Air  0%         N/A       56%         2
 Searing Ray              Conj           0%         2d4       56%         2
 Call Canine Familiar     Summ           0%         N/A       80%         3
 Confusing Touch          Hex            0%         N/A       80%         3
 Ignite Poison            Fire/Tmut/Pois 0%         N/A       80%         3
 Ozocubu's Armour         Ice            0%         N/A       80%         3
 Portal Projectile        Hex/Tloc       0%         N/A       80%         3
 Animate Armour           Summ/Erth      0%         N/A       99%         4
 Dispel Undead            Necr           0%         3d6       99%         4
 Fulminant Prism          Conj/Hex       0%         3d5       99%         4
 Leda's Liquefaction      Hex/Erth       0%         N/A       99%         4
 Summon Lightning Spire   Summ/Air       0%         N/A       99%         4
 Freezing Cloud           Conj/Ice/Air   0%         6-21      100%        5
 Lee's Rapid Deconstruct  Erth           0%         3d4*      100%        5
 Metabolic Englaciation   Hex/Ice        0%         N/A       100%        5
 Simulacrum               Ice/Necr       0%         N/A       100%        6
 Chain Lightning          Conj/Air       0%         N/A       100%        9


Dungeon Overview and Level Annotations

Branches:
Dungeon (9/15)             Temple (1/1) D:6            Lair (0/5) D:9
    Orc: D:9-12

Altars:
Ashenzari
Cheibriados
Dithmenos
Fedhas
Gozag
Hepliaklqana
Kikubaaqudgha
Makhleb
Nemelex Xobeh
Okawaru
Qazlal
Ru
Sif Muna
Trog
Uskayaw
Vehumet
Wu Jian
Xom
Yredelemnul

Shops:
D:6 :


Innate Abilities, Weirdness & Mutations

Your life essence is reduced to manifest your ancestor. (-10% HP)
You are completely covered in icy blue scales. (AC +4, rC+)
Your demonic aura often causes spilled blood to erupt in flames.
You regenerate a little health from kills.
You have a tail ending in a sharp stinger.


Message History

Aim: an enormous slime creature (heavily wounded, about 15% to evade your +1 trident)
You reach to attack!
You hit the enormous slime creature but do no damage.
The enormous slime creature is heavily wounded.
Unknown command.
Reach: a) +1 trident
Press: ? - help, Dir - move target, f/p - enormous slime creature
Aim: an enormous slime creature (heavily wounded, about 15% to evade your +1 trident)
You puncture the enormous slime creature!
Your tail-slap misses the enormous slime creature.
The enormous slime creature is heavily wounded.
The enormous slime creature hits you!
You hit the enormous slime creature.
You tail-slap the enormous slime creature.
The enormous slime creature is heavily wounded.
The enormous slime creature closely misses you.
Unknown command.
You hit the enormous slime creature.
You tail-slap the enormous slime creature!
The enormous slime creature is heavily wounded.
The enormous slime creature completely misses you.
Unknown command.
You hit the enormous slime creature.
The enormous slime creature is heavily wounded.
The enormous slime creature barely misses you.
Unknown command.
You puncture the enormous slime creature!
You tail-slap the enormous slime creature.
The enormous slime creature is severely wounded.
Unknown command.
You puncture the enormous slime creature!
The enormous slime creature is severely wounded.
The enormous slime creature barely misses you.
Unknown command.
You puncture the enormous slime creature!
You tail-slap the enormous slime creature!
The enormous slime creature is severely wounded.
The enormous slime creature hits you!!!!
Ouch! That really hurt!
You die...

..............###########..#
...........................######
.....z...........................
.......z.........................
########J.##################.####
#..# #.# #..# #.#
########..##################.####
.............czJ@...>...)........
...........#############..#######
#########..# #..# #..# #..# #..#
#..# #..###### #..#
#########...<..... ....
.................. ....
.##############...


You could see an enormous slime creature, a centaur and a wight.

Vanquished Creatures
  2 slime creatures
  A shadow (D:8)
  A wyvern (D:8)
  An acid dragon (D:7)
  A water moccasin (D:7)
  3 ice beasts
  A black bear (D:8)
  3 ogres
  2 phantoms (D:5)
  A bullfrog (D:8)
  A kobold brigand (D:8)
  A gnoll sergeant (D:8)
  A wyvern zombie (D:6)
  A water moccasin zombie (D:6)
  4 scorpions
  15 wights
  2 vampire bats (D:8)
  An electric eel (D:8)
  A centaur zombie (D:6)
  4 jellies
  2 bullfrog zombies (D:6)
  A hound (D:6)
  4 orc priests
  4 iguanas
  A sleepcap (D:6)
  9 orc wizards
  A killer bee zombie (D:6)
  7 adders
  7 gnolls
  A white imp (D:5)
  3 ufetubi
  A worm (D:5)
  2 dart slugs (D:1)
  25 orcs
  3 endoplasms (D:3)
  3 giant cockroaches
  6 goblins
  3 hobgoblins (D:2)
  2 quokkas
  3 ball pythons
  10 bats
  3 frilled lizards
  7 kobolds
  5 rats
160 creatures vanquished.

Vanquished Creatures (collateral kills)
  A hornet (D:8)
  A sky beast (D:8)
  2 wights (D:9)
  A white imp (D:8)
5 creatures vanquished.

Vanquished Creatures (others)
  An orc wizard (D:5)
  5 ancestors
6 creatures vanquished.

Grand Total: 171 creatures vanquished

Notes
Turn   | Place    | Note
-------+----------+-------------------------------------------
     0 | D:1      | Demosthentine the Demonspawn Gladiator began the quest for
                  | the Orb.
     0 | D:1      | Reached XP level 1. HP: 16/16 MP: 1/1
   227 | D:1      | Gained mutation: You are partially covered in icy blue
                  | scales. (AC +2) [demonic ancestry]
   227 | D:1      | Reached XP level 2. HP: 21/22 MP: 2/2
   882 | D:2      | Identified the +1 whip of Wounding {drain, rF+}
   985 | D:2      | Reached skill level 1 in Armour
  1151 | D:2      | Gained mutation: You are mostly covered in icy blue scales.
                  | (AC +3) [demonic ancestry]
  1151 | D:2      | Reached XP level 3. HP: 19/28 MP: 3/3
  1409 | D:2      | Found a faded altar of an unknown god.
  1551 | D:3      | Gained mutation: You regenerate a little health from kills.
                  | [demonic ancestry]
  1551 | D:3      | Reached XP level 4. HP: 31/34 MP: 4/4
  1627 | D:3      | Found a shadowy altar of Dithmenos.
  2144 | D:4      | Noticed an ogre
  2145 | D:4      | Found a radiant altar of Vehumet.
  2145 | D:4      | Noticed a scorpion
  2162 | D:3      | Killed a scorpion
  2163 | D:3      | Gained mutation: You have a small tail. [demonic ancestry]
  2163 | D:3      | Reached XP level 5. HP: 34/41 MP: 5/5
  2227 | D:4      | Killed an ogre
  2228 | D:4      | Gained mutation: Your demonic aura sometimes causes spilled
                  | blood to erupt in flames. [demonic ancestry]
  2228 | D:4      | Reached XP level 6. HP: 36/47 MP: 6/6
  2543 | D:4      | Got Lehudib's Meditations on Arcane Combat
  2911 | D:5      | Entered Level 5 of the Dungeon
  3197 | D:5      | Reached XP level 7. HP: 54/54 MP: 7/7
  3603 | D:5      | Reached skill level 5 in Fighting
  3603 | D:5      | Reached skill level 5 in Polearms
  3603 | D:5      | Reached skill level 5 in Dodging
  3603 | D:5      | Gained mutation: You have a tail ending in a sharp stinger.
                  | [demonic ancestry]
  3603 | D:5      | Reached XP level 8. HP: 40/62 MP: 8/8
  3835 | D:5      | Found a snail-covered altar of Cheibriados.
  3940 | D:6      | Found a staircase to the Ecumenical Temple.
  4080 | D:6      | Found Decyqan's Book Shoppe.
  4136 | Temple   | Entered the Ecumenical Temple
  4453 | D:6      | Found a basalt altar of Yredelemnul.
  4603 | D:6      | Identified the +7 hand axe of the Immovable Souls {flame,
                  | *Noise rPois rCorr Int+4}
  4939 | D:6      | Found an ornate altar of the Wu Jian Council.
  4939 | D:6      | Found a sparkling altar of Nemelex Xobeh.
  4947 | D:6      | Found a hide-covered altar of Uskayaw.
  4951 | D:6      | Found a hazy altar of Hepliaklqana.
  4954 | D:6      | Became a worshipper of Hepliaklqana the Forgotten
  5272 | D:7      | Reached skill level 5 in Armour
  5385 | D:7      | Gained mutation: You are completely covered in icy blue
                  | scales. (AC +4, rC+) [demonic ancestry]
  5385 | D:7      | Reached XP level 9. HP: 49/69 MP: 9/9
  6619 | D:8      | Reached * piety under Hepliaklqana
  7367 | D:9      | Reached skill level 1 in Invocations
  7389 | D:9      | Found a staircase to the Lair.
  7423 | D:8      | Gained mutation: Your demonic aura often causes spilled
                  | blood to erupt in flames. [demonic ancestry]
  7423 | D:8      | Reached XP level 10. HP: 36/71 MP: 9/11
  7534 | D:9      | Noticed a two-headed ogre
  7716 | D:9      | Annihilated by an enormous slime creature

Illustrated notes

Levels and vault maps discovered:
D:1:      amcnicky_arrival_choice, layout_loops_corners, minivault_23,
          serial_bayou_lagoon_a, kennysheep_crisscross
D:2:      layout_loops_ring, serial_rivers, chequers_serial_rivers_micro_e,
          chequers_serial_rivers_marsh, chequers_serial_rivers_micro_b,
          chequers_serial_rivers_room_a, chequers_serial_rivers_micro_e,
          ebering_ecumenical_altar_mist
D:3:      layout_basic, mainiacjoe_overflow_paths, minmay_misc_feat_rows,
          minivault_26, nicolae_figureground_pulse
D:4:      layout_rooms, mainiacjoe_overflow_boulevard, serial_rivers,
          chequers_serial_rivers_small_b, chequers_serial_rivers_large_b,
          chequers_serial_rivers_room_b, chequers_serial_rivers_micro_b,
          chequers_serial_rivers_large_a, chequers_serial_rivers_micro_e,
          moated_statue
D:5:      minmay_diamond_boxcup, layout_rooms, cheibrodos_worm_habitat,
          minmay_misc_feat_tower
D:6:      layout_basic, nicolae_yredelemnul_corpse_copse,
          chequers_temple_overflow_minitemple, minmay_temple_entry_statues,
          nicolae_take_the_stairs, minmay_statues_item, serial_park_tiny_pond,
          minmay_misc_feat_enclosed
D:7:      layout_loops_ring
D:8:      layout_basic, roderic_batcave, chequers_serial_rivers_small_3,
          minmay_fractal_squares_5
D:9:      layout_long_grid, lair_entry_dummy, serial_undead, serial_undead_b,
          serial_undead_d, serial_undead_c, serial_undead_b, enter_bailey_6
Temple:   nicolae_temple_god_jail

Skill      XL: |  1  2  3  4  5  6  7  8  9 10 |
---------------+-------------------------------+-----
Dodging        | 3 4 5 6 7 |  7.3
Polearms       | 3 4 5 6 7 |  7.3
Armour         | 1 2 3 5 6 |  6.3
Fighting       | 3 4 5 6 7 |  7.6
Invocations    | 1 2 |  2.4
Throwing       | |  1.7

Action                     |  1- 3 |  4- 6 |  7- 9 | 10-12 || total
---------------------------+-------+-------+-------+-------++-------
  Melee: Trident           |   111 |   138 |   473 |    51 ||   773
         Punch             |     1 |     1 |     7 |       ||     9
         Tailslap          |       |     4 |    56 |    12 ||    72
  Throw: Throwing net      |     1 |     2 |     1 |       ||     4
    Use: Scroll            |     4 |     3 |     5 |     1 ||    13
         Potion            |       |       |       |     1 ||     1
   Stab: Sleeping          |     4 |     1 |     2 |       ||     7
         Distracted        |       |       |     3 |       ||     3
 Armour: Leather armour    |    42 |    40 |   148 |    13 ||   243
  Dodge: Dodged            |    64 |   100 |   281 |    27 ||   472

Table legend: (Time is in decaauts)
 A = Elapsed time spent in this place.
 B = Non-inter-level travel time spent in this place.
 C = Inter-level travel time spent in this place.
 D = Time resting spent in this place.
 E = Time spent auto-exploring this place.
 F = Levels seen in this place.
 G = Mean time per level.
                   A        B        C        D        E       F      G
               +--------+--------+--------+--------+--------+-----+--------+
         Total |   7816 |   7546 |    270 |    285 |   5758 |  10 |  781.6 |
       Dungeon |   7812 |   7543 |    269 |    285 |   5758 |   9 |  868.0 |
        Temple |      4 |      4 |      0 |      0 |      0 |   1 |    4.0 |
               +--------+--------+--------+--------+--------+-----+--------+

Top non-repeatable levels by time:
     D:8: 1364 daAuts
     D:6: 1203 daAuts
     D:4: 909 daAuts
     D:5: 871 daAuts
     D:7: 861 daAuts
     D:1: 822 daAuts
     D:3: 737 daAuts
     D:2: 676 daAuts
     D:9: 366 daAuts
  Temple: 4 daAuts
